 Dungeon Crawl Stone Soup version 0.31-a0-963-ga325b2283a (webtiles) character file.

Game seed: 11846970560202298884

32 Fodor the Shield-Bearer (level 3, -4/33 HPs)
             Began as a Minotaur Fighter on Oct 24, 2023.
             Slain by Natasha (6 damage)
             ... on level 2 of the Dungeon.
             The game lasted 00:03:16 (831 turns).

Fodor the Shield-Bearer (Minotaur Fighter)           Turns: 831, Time: 00:03:18

Health: -4/33      AC:  7    Str: 22    XL:     3   Next: 8%
Magic:  2/2        EV:  9    Int:  5    God:
Gold:   27         SH:  4    Dex:  9    Spells: 2/2 levels left

rFire   . . .        a - +0 war axe
rCold   . . .        c - +0 buckler
rNeg    . . .        b - +0 scale mail
rPois   .            (helmet restricted)
rElec   .            (no cloak)
rCorr   .            (no gloves)
SInv    .            (no boots)
Will    .....        (no amulet) Stlth
                     (no ring)
HPRegen 0.25/turn    (no ring)
MPRegen 0.08/turn

%: no passive effects
@: slowed, very slow
A: horns 2, retaliatory headbutt
a: no special abilities


You were on level 2 of the Dungeon.
You visited 1 branch of the dungeon, and saw 2 of its levels.

You collected 27 gold pieces.

Inventory:

Hand Weapons
 a - a +0 war axe (weapon)
Armour
 b - a +0 scale mail (worn)
 c - a +0 buckler (worn)
Scrolls
 e - a scroll of revelation {unknown}
 f - a scroll of enchant weapon {unknown}
 h - a scroll of teleportation {unknown}
Potions
 d - a potion of might
 g - a potion of cancellation {unknown}


   Skills:
 + Level 4.1 Fighting
 + Level 2.7 Axes
 + Level 4.0 Armour
 + Level 4.3 Shields


You had 2 spell levels left.
You didn't know any spells.
Your spell library was empty.

Dungeon Overview and Level Annotations

Branches:
Dungeon (2/15)

Altars:

Annotations:
D:2 Natasha


Innate Abilities, Weirdness & Mutations

You have a pair of horns on your head.
You reflexively headbutt those who attack you in melee.


Message History

The cerulean imp hits you but does no damage.
You hit the cerulean imp but do no damage.
The cerulean imp is moderately wounded.
You closely miss the cerulean imp. The cerulean imp completely misses you.
The cerulean imp hits you but does no damage.
The cerulean imp barely misses you.
You barely miss the cerulean imp.
You headbutt the cerulean imp, but do no damage.
The cerulean imp is moderately wounded.
You closely miss the cerulean imp.
The cerulean imp disappears in a puff of smoke!
The cerulean imp hits you from afar with a +0 spear.
* * * LOW HITPOINT WARNING * * *
The cerulean imp hits you with a +1 spear.
* * * LOW HITPOINT WARNING * * *
Natasha barely misses you. You block the cerulean imp's attack. x2
You hit Natasha but do no damage. You barely miss the cerulean imp.
Natasha stares at you and mumbles some strange words.
You feel yourself slow down.
The cerulean imp hits you but does no damage.
The cerulean imp closely misses you.
You hit Natasha.
Natasha is lightly wounded.
You hit the cerulean imp.
You kill the cerulean imp!
The cerulean imp disappears in a puff of smoke!
Natasha barely misses you.
The cerulean imp hits you from afar with a +0 spear.
* * * LOW HITPOINT WARNING * * *
Natasha claws you but does no damage.
The cerulean imp hits you from afar with a +0 spear.
* * * LOW HITPOINT WARNING * * *
The giant cockroach bites you but does no damage.
You hit Natasha.
Natasha is heavily wounded.
You hit the giant cockroach.
You kill the giant cockroach!
Natasha claws you.
You die...
Natasha begins licking her fur clean.

#.......###
#.B..####
##..#.#
#.....#
##.#..##
##.....#
#.5.#.$#
#.#h#..#
#§#@#..#
#.†.#.##
#.### #. #


You could see Natasha and a cerulean imp (summoned).

Vanquished Creatures
  An adder (D:2)
  A dart slug (D:1)
  3 bats (D:1)
  An endoplasm (D:1)
  A giant cockroach (D:2)
  2 hobgoblins
  2 jackals (D:2)
  A kobold (D:2)
  2 quokkas
  3 goblins (D:1)
  4 rats (D:1)
21 creatures vanquished.

Notes
Turn   | Place    | Note
-------+----------+-------------------------------------------
     0 | D:1      | Fodor the Minotaur Fighter began the quest for the Orb.
     0 | D:1      | Reached XP level 1. HP: 19/19 MP: 0/0
   453 | D:1      | Reached XP level 2. HP: 23/27 MP: 1/1
   796 | D:2      | Noticed Natasha
   819 | D:2      | Reached XP level 3. HP: 19/33 MP: 2/2
   831 | D:2      | Slain by Natasha

Illustrated notes

Levels and vault maps discovered:
D:1:      lemuel_arrival_rhombus, layout_basic
D:2:      layout_rooms, serial_shops, shop, uniq_natasha

Skill      XL: |  1  2 |
---------------+-------+-----
Fighting       | 4 |  4.1
Shields        | 4 |  4.3
Armour         | 4 |  4.0
Axes           | |  2.7

Action                     || total
---------------------------++-------
  Melee: War axe           ||    38
         Headbutt          ||     7
 Armour: Scale mail        ||    53
  Dodge: Dodged            ||    28
  Block: Buckler           ||    12

Table legend: (Time is in decaauts)
 A = Elapsed time spent in this place.
 B = Non-inter-level travel time spent in this place.
 C = Inter-level travel time spent in this place.
 D = Time resting spent in this place.
 E = Time spent auto-exploring this place.
 F = Levels seen in this place.
 G = Mean time per level.
                   A        B        C        D        E       F      G
               +--------+--------+--------+--------+--------+-----+--------+
         Total |    845 |    789 |     56 |      0 |      0 |   2 |  422.5 |
       Dungeon |    845 |    789 |     56 |      0 |      0 |   2 |  422.5 |
               +--------+--------+--------+--------+--------+-----+--------+

Top non-repeatable levels by time:
     D:1: 804 daAuts
     D:2: 41 daAuts
